General information
- name: BNet
- type: Ladder 1vs1/FFA
- host: Battle.net
- saver: 7.30
map: TirisfalGlades
- players: 2
- length: 05:58
- speed: Fast
- version: 1.24 W3XP
- replay type: Public
» download(15 KB)
Players
team 1 (winner)
7.30 (
teal | 49 APM | 293 actions | 05:58)
2 Archmage
1 Summon Water Elemental
1 Brilliance Aura
» actions
| Assign group hotkey | 20 | |
| Basic commands | 17 | |
| Build / train | 17 | |
| ESC pressed | 2 | |
| Enter build submenu | 8 | |
| Enter hero's abilities submenu | 3 | |
| Right click | 98 | |
| Select / deselect | 75 | |
| Select group hotkey | 40 | |
| Use ability | 13 | |
293 total
» units
» buildings
| Barracks | 1 | |
| Altar of Kings | 1 | |
| Farm | 4 | |
| Scout Tower | 1 | |
| Arcane Tower | 1 | |
8 total
» build order
00:07 Barracks
00:09 Altar of Kings
00:30 Farm
01:07 Farm
02:11 Farm
02:20 Scout Tower
02:30 Farm
02:52 Arcane Tower
team 2 (loser)
Petrucci.lowery (
red | 23 APM | 140 actions | 05:57)
1 Archmage
1 Summon Water Elemental
» actions
| Basic commands | 5 | |
| Build / train | 12 | |
| Enter build submenu | 12 | |
| Enter hero's abilities submenu | 1 | |
| Right click | 35 | |
| Select / deselect | 53 | |
| Use ability | 22 | |
140 total
» units
» upgrades
» buildings
| Altar of Kings | 1 | |
| Farm | 1 | |
| Lumber Mill | 9 | |
| Barracks | 1 | |
12 total
» build order
00:03 Altar of Kings
00:04 Farm
00:45 Lumber Mill
01:56 Barracks
04:08 Lumber Mill
04:09 Lumber Mill
04:11 Lumber Mill
04:13 Lumber Mill
04:14 Lumber Mill
04:22 Lumber Mill
04:23 Lumber Mill
04:31 Lumber Mill
Chat log
(00:08 / All) Petrucci.lowery: hi
(00:12 / All) 7.30: heya
(00:16 / All) Petrucci.lowery: heyyy yaaaa
(00:27 / All) Petrucci.lowery: do you juice?
(00:35 / All) 7.30: only man juice
(00:49 / All) Petrucci.lowery: ?
(00:52 / All) Petrucci.lowery: what does that mean
(00:53 / All) 7.30: mmm
(00:54 / All) Petrucci.lowery: sack sauce?
(00:54 / All) 7.30: love it
(01:17 / All) Petrucci.lowery: are you talking about ejaculate?
(01:24 / All) 7.30: i squooge my own
(01:30 / All) Petrucci.lowery: suooge
(01:34 / All) 7.30: when i run low
(01:35 / All) Petrucci.lowery: squooge**?????
(01:45 / All) Petrucci.lowery: i'm afraid i dont understand
(02:12 / All) Petrucci.lowery: why did u send worker to my base?
(02:29 / All) Petrucci.lowery: lol fuck tihs.
(02:33 / All) Petrucci.lowery: you ladder abuser
(02:36 / All) 7.30: LOL
(02:41 / All) 7.30: whats that?
(02:45 / All) Petrucci.lowery: haha shut up
(02:50 / All) Petrucci.lowery: take a win
(02:51 / All) Petrucci.lowery: idc
(02:57 / All) 7.30: no really im asking
(03:12 / All) Petrucci.lowery: take a look in the mirror
(03:15 / All) Petrucci.lowery: guys like you
(03:18 / All) Petrucci.lowery: who lose on purpose
(03:22 / All) 7.30: wait
(03:25 / All) Petrucci.lowery: to purposely play against guys like me
(03:26 / All) 7.30: youre destroying your own base
(03:26 / All) Petrucci.lowery: who suck
(03:34 / All) 7.30: isnt that losing on purpose?
(03:41 / All) Petrucci.lowery: because i can't win douche bag
(03:49 / All) 7.30: how do you know when you dont even try
(03:55 / All) Petrucci.lowery: i did try
(03:57 / All) Petrucci.lowery: you rushed
(03:59 / All) Petrucci.lowery: i had no units
(03:59 / All) 7.30: i did?
(04:01 / All) Petrucci.lowery: i lose
(04:08 / All) 7.30: why did you build a lumber mill instead of a barracks then
(04:17 / All) 7.30: Just common sense.
(04:19 / All) Petrucci.lowery: I LIKE LUMBER MILLS ALRIGHT?
(04:22 / All) 7.30: so
(04:25 / All) 7.30: why didnt you tower then
(04:37 / All) 7.30: i have no pity for dumbass self-inflicted injury
(04:45 / All) Petrucci.lowery: shut up ladder abuser
(04:50 / All) 7.30: you never explained what that is
(04:54 / All) Petrucci.lowery: yes i did
(05:02 / All) 7.30: you seem to know a lot about ladder terminology
(05:16 / All) 7.30: for someone with an only level 13 account
(05:23 / All) 7.30: could it be that this isnt your only account
(05:29 / All) Petrucci.lowery: level doesnt mean anything
(05:30 / All) 7.30: which would make you whatever you called me?
(05:35 / All) Petrucci.lowery: if level meant something
(05:36 / All) Petrucci.lowery: i'd be a level 1
(05:38 / All) Petrucci.lowery: i am not good.
(05:46 / All) 7.30: i dont know...i havent been on the ladder much because im new at this game
(05:47 / All) Petrucci.lowery: i just like to play a lot
(05:54 / All) Petrucci.lowery: new my ass
(05:55 / All) Petrucci.lowery: shut up faggot